 Dungeon Crawl Stone Soup version 0.29.0-13-gc9e81de378 (webtiles) character file.

Game seed: 349106872317739661

105 Iusername the Conjurer (level 4, -3/33 HPs)
             Began as a Draconian Conjurer on Sept 7, 2022.
             Slain by an orc priest
             ... wielding a +1 vorpal mace
              (9 damage)
             ... on level 3 of the Dungeon.
             The game lasted 00:08:26 (4056 turns).

Iusername the Conjurer (Draconian Conjurer)         Turns: 4056, Time: 00:08:27

Health: -3/33      AC:  8    Str: 11    XL:     4   Next: 53%
Magic:  2/8        EV: 12    Int: 19    God:
Gold:   136        SH:  0    Dex:  9    Spells: 6/9 levels left

rFire   . . .      SeeInvis .   h - +1 hand axe
rCold   . . .      Faith    .   (no shield)
rNeg    . . .      Spirit   .   (body armour unavailable)
rPois   .          Reflect  .   (helmet restricted)
rElec   .          Harm     .   i - +2 cloak
rCorr   .          Rampage  .   (no gloves)
Will    .....                   (no boots)
Stlth   ++........              (no amulet)
HPRegen 0.11/turn               (no ring)
MPRegen 0.11/turn               (no ring)

@: attractive
A: AC +5, unfitting armour, cold-blooded
a: no special abilities


You were on level 3 of the Dungeon.
You visited 1 branch of the dungeon, and saw 3 of its levels.

You collected 136 gold pieces.

Inventory:

Hand Weapons
 h - a +1 hand axe (weapon)
Armour
 i - a +2 cloak (worn)
Scrolls
 g - a scroll of amnesia
 j - 2 scrolls of teleportation
 m - a scroll of summoning {unknown}
 o - a scroll of blinking {unknown}
 q - a scroll of brand weapon {unknown}
Potions
 a - a potion of magic
 b - a potion of brilliance {unknown}
 d - 2 potions of attraction
 l - a potion of curing {unknown}
 n - a potion of heal wounds {unknown}
 p - a potion of haste {unknown}


   Skills:
 + Level 2.1 Dodging
 + Level 2.3 Stealth
 + Level 0.2 Unarmed Combat
 * Level 3.0 Spellcasting
 + Level 4.9 Conjurations


You had 6 spell levels left.
You knew the following spells:

 Your Spells              Type           Power      Damage    Failure   Level
a - Magic Dart            Conj           84%        1d7       1%          1
b - Searing Ray           Conj           42%        2d6       3%          2

Your spell library contained the following spells:

 Spells                   Type           Power      Damage    Failure   Level
 Freeze                   Ice            8%         1d3       16%         1
 Dazzling Flash           Conj/Hex       24%        N/A       17%         3
 Blink                    Tloc           4%         N/A       22%         2
 Lesser Beckoning         Tloc           2%         N/A       41%         3
 Fulminant Prism          Conj/Hex       6%         3d7       50%         4
 Iskenderun's Mystic Bla  Conj/Tloc      12%        2d5       50%         4
 Lightning Bolt           Conj/Air       6%         1d18      83%         5
 Manifold Assault         Tloc           2%         N/A       99%         5
 Polar Vortex             Ice            1%         N/A       100%        9


Dungeon Overview and Level Annotations

Branches:
Dungeon (3/15)

Altars:
Okawaru


Innate Abilities, Weirdness & Mutations

Your plain brown scales are hard. (AC +5)
You cannot fit into any form of body armour.
You are cold-blooded and may be slowed by cold attacks.


Message History

The orc priest is almost dead.
You closely miss the orc priest.
The orc priest hits you with a +1 vorpal mace.
The orc priest hits you with a +0 dagger.
You hit the orc priest.
You kill the orc priest!
You barely miss the orc priest.
The orc priest hits you with a +1 vorpal mace. x2
Your Spellcasting skill increases to level 3!
You hit the orc priest. You tail-slap the orc priest.
The orc priest is heavily wounded.
The orc priest hits you with a +1 vorpal mace.
You are too injured to fight recklessly!
You are too injured to fight recklessly!
You are too injured to fight recklessly!
The orc priest hits you with a +1 vorpal mace.
You see here a +0 dagger.
You hit the orc priest but do no damage.
The orc priest is heavily wounded.
The orc priest invokes the aid of Beogh against you.
Pain shoots through your body!
* * * LOW HITPOINT WARNING * * *
You hit the orc priest but do no damage.
Your tail-slap misses the orc priest.
The orc priest is heavily wounded.
The orc priest hits you but does no damage.
The orc priest closely misses you.
It was a potion of attraction.
You feel attractive to monsters.
The orc priest hits you but does no damage.
You barely miss the orc priest.
The orc priest is heavily wounded.
The orc priest miscasts a cantrip.
You hit the orc priest. You tail-slap the orc priest.
The orc priest is severely wounded.
The orc priest hits you but does no damage.
You hit the orc priest but do no damage.
The orc priest is severely wounded.
The orc priest hits you with a +1 vorpal mace!
You die...

#.# r# ##..... #.#
o##. #...... ..o
.... #...... ###
.... #...... .#)#
#.##.## #)# #.##.#
#.# ##### #.##.##
#o###...# #.##...
#@......# #.##.##
#####...# #.##.#
##.## #.##.# #.#
#.##.# #.# #.##.#
#######.#####.##.#
#................#
....############.##
#. #...


You could see an orc priest.

Vanquished Creatures
  An orc priest (D:3)
  An adder (D:2)
  4 dart slugs
  3 orcs (D:3)
  3 ball pythons
  3 bats (D:1)
  4 endoplasms
  3 giant cockroaches
  5 goblins
  2 hobgoblins
  4 jackals (D:1)
  4 quokkas
  4 frilled lizards (D:1)
  3 kobolds
  8 rats
52 creatures vanquished.

Notes
Turn   | Place    | Note
-------+----------+-------------------------------------------
     0 | D:1      | Iusername the Draconian Conjurer began the quest for the
                  | Orb.
     0 | D:1      | Reached XP level 1. HP: 14/14 MP: 3/3
     6 | D:1      | Found a faded altar of an unknown god.
   861 | D:1      | Reached XP level 2. HP: 20/20 MP: 1/5
  1584 | D:1      | Reached XP level 3. HP: 26/26 MP: 1/6
  1744 | D:1      | Got Byofoan's Lessons on the Voltaic Winter
  1763 | D:1      | Learned a level 2 spell: Searing Ray
  3306 | D:3      | Found an iron altar of Okawaru.
  3324 | D:2      | Reached XP level 4. HP: 19/33 MP: 1/7
  4056 | D:3      | Slain by an orc priest

Illustrated notes

Levels and vault maps discovered:
D:1:      wander_arrival_chamber, layout_loops_ring, basic_ecumenical_altar,
          minivault_27, serial_bayou_pond_e, minmay_misc_feat_roman,
          nicolae_concentric_dashed_squares_mild, minmay_crystal_room,
          minmay_misc_feat_secret_circle
D:2:      layout_loops_ring, minmay_door_square
D:3:      layout_loops_ring, okawaru_ov_weapons_minmay

Skill      XL: |  1  2  3  4 |
---------------+-------------+-----
Stealth        | 2 |  2.3
Dodging        | 2 |  2.1
Spellcasting   | 3 |  3.0
Unarmed Combat | |  0.2
Conjurations   | |  4.9

Action                   |  1- 3 |  4- 6 || total
-------------------------+-------+-------++-------
Melee: Unarmed           |    37 |       ||    37
       Tailslap          |     2 |     4 ||     6
       Punch             |     1 |       ||     1
       Hand axe          |     1 |    14 ||    15
 Cast: Magic Dart        |    98 |    11 ||   109
  Use: Scroll            |       |     8 ||     8
       Potion            |       |     1 ||     1
Armor: Skin              |    27 |     7 ||    34
Dodge: Dodged            |    58 |     5 ||    63
